 Dungeon Crawl Stone Soup version 0.20.1-1-g8b1a95d (webtiles) character file.

117528 letownia2 the Severer (level 16, -12/141 HPs)
             Began as a Deep Dwarf Necromancer on Nov 30, 2017.
             Was an Initiate of Gozag.
             Shot with a bolt by a naga sharpshooter (27 damage)
             ... on level 2 of the Snake Pit on Dec 1, 2017.
             The game lasted 02:20:32 (31310 turns).

letownia2 the Severer (Deep Dwarf Necromancer)     Turns: 31310, Time: 02:20:33

Health: -12/141    AC: 12    Str: 17    XL:     16   Next: 23%
Magic:  13/30      EV: 19    Int: 30    God:    Gozag
Gold:   1860       SH:  0    Dex: 16    Spells: 10/36 levels left

rFire    + . .     SeeInvis .   a - +8 spear of Sudden Death {pain, Int+5}
rCold    + + .     Gourm    .   (no shield)
rNeg     + . .     Faith    .   E - +0 scale mail
rPois    +         Spirit   .   U - +3 helmet of the Hills {rPois Int+7 Dex-2}
rElec    +         Reflect  .   V - scarf {rC+ rF+}
rCorr    .         Harm     .   (no gloves)
MR       +++..                  (no boots)
Stlth    ++........             (no amulet)
Regen    0.0/turn               y - ring of Hixoduasi {rElec rC+ MR+}
MPRegen  0.3/turn               (no ring)

@: agile, gold aura, very slightly contaminated, non-regenerating, invisible
A: damage resistance, heal wounds, negative energy resistance 1, sense
surroundings 2, no regeneration
a: Heal Wounds, Potion Petition, Call Merchant, Bribe Branch, Renounce Religion


You were on level 2 of the Snake Pit.
You worshipped Gozag.
Gozag was most pleased with you.
You were not hungry.

You visited 5 branches of the dungeon, and saw 26 of its levels.

You collected 7921 gold pieces.
You spent 337 gold pieces at shops.
You paid 5724 gold pieces to Gozag.

Inventory:

Hand Weapons
 a - the +8 spear of Sudden Death (weapon) {pain, Int+5}
   (You found it on level 6 of the Dungeon)

   In the hands of one skilled in necromantic magic, it inflicts extra damage on
   living creatures.
   It affects your intelligence (+5).
 b - the +7 war axe "Qacsan" {flame, *Noise rElec rPois}
   (You found it on level 1 of the Lair of Beasts)

   It has been specially enchanted to burn those struck by it, causing extra
   injury to most foes and up to half again as much damage against particularly
   susceptible opponents.
   Big, fiery blades are also staple armaments of hydra-hunters.
   It insulates you from electricity.
   It protects you from poison.
   It may make noises in combat.
 c - a +9 blowgun
 G - a +0 battleaxe of flaming
Missiles
 B - 12 curare-tipped needles
 X - 3 throwing nets (quivered)
Armour
 E - a +0 scale mail (worn)
 Q - a +2 plate armour of fire resistance
 U - the +3 helmet of the Hills (worn) {rPois Int+7 Dex-2}
   (You bought it in a shop on level 2 of the Orcish Mines)

   It affects your intelligence (+7).
   It affects your dexterity (-2).
   It protects you from poison.
 V - a scarf of resistance (worn)
Magical Staves
 q - an uncursed staff of cold
Jewellery
 g - an uncursed ring of positive energy
 m - an uncursed ring of magical power
 y - the ring of Hixoduasi (left hand) {rElec rC+ MR+}
   (You found it on level 3 of the Lair of Beasts)

   [ring of protection from magic]

   It protects you from cold.
   It insulates you from electricity.
   It affects your resistance to hostile enchantments.
Wands
 l - a wand of confusion (14/48)
 r - a wand of lightning (5/15)
 t - a wand of flame (21/48)
 A - a wand of flame (0/48)
 H - a wand of paralysis (8/24)
 L - a wand of confusion (6/48)
 M - a wand of iceblast (2/15)
 O - a wand of digging (10/24)
 Y - a wand of acid (7/15)
Scrolls
 e - 4 scrolls of silence
 h - 2 scrolls of recharging
 i - 3 scrolls of identify
 k - 14 scrolls of remove curse
 n - 4 scrolls of teleportation
 u - a scroll of enchant weapon
 v - 2 scrolls of blinking
 w - 4 scrolls of immolation
 I - a scroll of enchant armour
 P - a scroll of magic mapping
 R - 2 scrolls of fog
Potions
 d - 3 potions of heal wounds
 f - 5 potions of brilliance
 j - 3 potions of flight
 o - 2 potions of magic
 p - 6 potions of lignification
 x - 3 potions of cancellation
 z - 3 potions of might
 C - a potion of ambrosia
 D - 3 potions of haste
 F - a potion of invisibility
 K - 4 potions of agility
 N - 6 potions of curing
 W - 3 potions of berserk rage
 Z - 2 potions of resistance
Miscellaneous
 S - a phantom mirror
 T - 2 sacks of spiders
Comestibles
 s - a meat ration
 J - 9 bread rations


   Skills:
 + Level 8.6 Fighting
 + Level 17.8 Axes
 - Level 1.5(10.4) Polearms
 + Level 9.3 Armour
 + Level 6.8 Dodging
 - Level 2.6 Stealth
 - Level 10.6 Spellcasting
 - Level 3.1 Conjurations
 - Level 2.0 Summonings
 + Level 13.8 Necromancy
 - Level 2.5 Translocations
 - Level 2.5 Fire Magic
 - Level 3.3 Air Magic
 - Level 2.0 Poison Magic
 - Level 7.2 Evocations


You had 10 spell levels left.
You knew the following spells:

 Your Spells              Type           Power        Failure   Level  Hunger
a - Pain                  Necr           ####         1%          1    None
b - Blink                 Tloc           N/A          4%          2    None
c - Conjure Flame         Conj/Fire      ####....     9%          3    None
d - Dispel Undead         Necr           #######.     1%          5    ###....
e - Mephitic Cloud        Conj/Pois/Air  ####....     9%          3    None
j - Portal Projectile     Hex/Tloc       ###...       16%         3    None
m - Summon Small Mammal   Summ           ####         3%          1    None
s - Swiftness             Chrm/Air       ####....     7%          2    None
v - Vampiric Draining     Necr           #######...   1%          3    None
x - Inner Flame           Hex/Fire       ###.....     16%         3    None


Dungeon Overview and Level Annotations

Branches:
Dungeon (15/15)            Temple (1/1) D:7            Lair (6/6) D:11
 Shoals (0/4) Lair:3        Snake (2/4) Lair:2        Slime (0/5) Lair:5
    Orc (2/2) D:9             Elf (0/3) Orc:2        Vaults (0/5) D:14
 Depths (0/5) D:15

Altars:
Ashenzari
Cheibriados
Dithmenos
Elyvilon
Fedhas
Gozag
Hepliaklqana
Kikubaaqudgha
Makhleb
Nemelex Xobeh
Okawaru
Qazlal
Ru
Sif Muna
Trog
Uskayaw
Vehumet
Xom
Yredelemnul
Zin
The Shining One
Beogh

Shops:
D:4 ((   D:6 %   D:9 (   D:11 *   D:12 [   Orc:2 ([*?*?([%   Lair:2 [[=[

Annotations:
D:3 kalagan's ghost, amateur DEFE
D:5 WiZmei's ghost, novice GrFi
D:6 Mimshu's ghost, novice HuBe
D:7 1 runed door
D:8 DIG, 2 exclusions
D:12 exclusion: downstairs
Lair:2 exclusion: oklob plant
Lair:4 Josephine; Rupert


Innate Abilities, Weirdness & Mutations

You are resistant to damage.
You can heal yourself by infusing magical energy.
You resist negative energy. (rN+)
You passively map the area around you.
You do not regenerate.


Message History

The naga sharpshooter gestures wildly while chanting.
The naga sharpshooter magically shoots a bolt.
The bolt hits you!
* * * LOW HITPOINT WARNING * * *
The naga mage closely misses you.
You see here 5 bolts.
Unknown command.
Unknown command.
Casting: Vampiric Draining
Confirm with . or Enter, or press ? or * to list all spells.
Aiming: Vampiric Draining
Press: ? - help, Shift-Dir - straight line, f - naga sharpshooter
Aim: a naga sharpshooter, wielding an arbalest and wearing a robe (moderately wounded)
The naga sharpshooter is heavily wounded.
You feel life coursing into your body. The naga mage barely misses you.
The naga sharpshooter gestures wildly while chanting.
The naga sharpshooter magically shoots a bolt.
The bolt hits you!!
You die...
Your body crumbles into a pile of gold.

* #......N.....# *
* #.....N..$...#
*, , *
#..........# * , ,
#........# ,, ,,
,,* *** *#.<(...#*
* ,, , , *
####.### * , , , ,
#(N# , ,
...######N### , ≈
,, *,#.....(@...#
,, ≈ ,*
#..............#
,,
##....#.......##*,
** #########..###
, , , , * ..# ,, ,
,* ..# ** * , $,
..., * , , ... * ,
, , , * ,


You could see a naga sharpshooter and a naga mage.

Vanquished Creatures
  Asterion (Snake:1)
  Kirke (Lair:6)
  Frances (D:13)
  Agnes (D:14)
  An orc warlord (Orc:2)
  Azrael (D:13)
  A dire elephant (D:15)
  A fire dragon (D:15)
  A great orb of eyes (D:15)
  7 hydras
  Erolcha (D:10)
  A vault guard (D:14)
  Harold (D:11)
  4 anacondas (Snake:1)
  7 centaur warriors
  A catoblepas (D:13)
  Erica (D:14)
  12 two-headed ogres
  2 ogre magi
  6 death yaks (Lair:2)
  4 orc high priests (Orc:2)
  A tengu warrior (D:14)
  Urug (D:14)
  3 naga sharpshooters
  A shock serpent (Snake:1)
  2 deep elf knights
  Nergalle (Orc:1)
  The ghost of Lanoc the Covert, a journeyman FeMo of Vehumet (Snake:1)
  2 unseen horrors
  A wizard (D:14)
  A naga ritualist (Snake:1)
  2 deep elf magi
  5 mana vipers (Snake:1)
  3 manticores
  22 ugly things
  6 orc sorcerers
  2 cyclopes
  2 salamanders
  A merfolk siren (Lair:3)
  11 black mambas
  A centaur zombie (D:13)
  An ice statue (D:10)
  10 spiny frogs
  A naga mage (Snake:1)
  4 centaur skeletons
  A rime drake (Lair:6)
  A torpor snail (Lair:6)
  4 kobold demonologists
  7 komodo dragons
  4 polar bears
  A wolf spider simulacrum (D:15)
  A meliai (D:9)
  10 trolls
  7 hornets
  7 dream sheep (Lair:6)
  11 hippogriffs
  8 blink frogs
  Sigmund (D:4)
  A centaur simulacrum (D:14)
  4 wraiths
  12 spriggans (Lair:6)
  A wyvern (D:11)
  A shadow (D:12)
  A vampire (D:13)
  3 fire elementals (D:13)
  5 hogs
  26 yaks
  3 basilisks
  2 steam dragons
  A hungry ghost (D:13)
  An insubstantial wisp (Lair:5)
  11 vampire mosquitoes
  A warg (Orc:2)
  7 nagas
  An acid dragon (D:13)
  17 water moccasins
  2 hell hounds
  7 porcupines
  33 orc warriors
  2 sky beasts (D:9)
  An ice beast (shapeshifter) (D:15)
  4 black bears
  A hornet zombie (D:9)
  3 phantoms
  7 ice beasts
  18 ogres
  2 eyes of draining
  4 boggarts (Lair:6)
  A necrophage (D:10)
  17 wolves
  9 centaurs
  8 crocodiles
  5 big kobolds
  A gnoll sergeant (D:10)
  A wyvern zombie (D:14)
  23 bullfrogs
  A water moccasin zombie (D:8)
  5 scorpions
  32 killer bees
  A water moccasin skeleton (D:9)
  7 wights
  4 electric eels
  3 bullfrog zombies
  5 crimson imps
  8 jellies
  26 orc priests
  7 hounds
  30 orc wizards
  4 bullfrog skeletons
  6 iguanas
  13 worker ants
  A killer bee zombie (D:7)
  A worker ant zombie (D:10)
  16 adders
  7 gnolls
  4 shadow imps
  An ooze (D:8)
  3 adder skeletons
  A worm (D:2)
  A dart slug (D:1)
  9 leopard geckos
  81 orcs
  2 ball pythons
  11 giant cockroaches
  9 goblins
  6 hobgoblins
  14 jackals
  5 quokkas
  14 bats
  4 frilled lizards
  55 kobolds
  4 rats
  A plant (Lair:6)
853 creatures vanquished.

Vanquished Creatures (collateral kills)
  A hornet (Lair:6)
  2 spriggans (Lair:6)
  A fire elemental (D:13)
  A hell hound (D:13)
5 creatures vanquished.

Vanquished Creatures (others)
  An orc (Orc:1)
  22 fungi
  9 plants
32 creatures vanquished.

Grand Total: 890 creatures vanquished

Notes
Turn   | Place    | Note
-------+----------+-------------------------------------------
     0 | D:1      | letownia2 the Deep Dwarf Necromancer began the quest for the Orb.
     0 | D:1      | Reached XP level 1. HP: 15/15 MP: 3/3
   229 | D:2      | Reached XP level 2. HP: 22/22 MP: 1/5
   452 | D:2      | Reached XP level 3. HP: 25/28 MP: 3/6
   457 | D:2      | Learned a level 3 spell: Vampiric Draining
   486 | D:2      | Reached skill level 5 in Necromancy
   720 | D:3      | Noticed kalagan's ghost (amateur DEFE)
  1090 | D:4      | Noticed a scorpion
  1094 | D:4      | Killed a scorpion
  1094 | D:4      | Reached XP level 4. HP: 34/36 MP: 3/8
  1251 | D:4      | Found a blossoming altar of Fedhas.
  1252 | D:4      | Found a shattered altar of Ashenzari.
  1296 | D:4      | Noticed Sigmund
  1315 | D:4      | Killed Sigmund
  1315 | D:4      | Reached XP level 5. HP: 26/42 MP: 0/11
  1411 | D:4      | Found Fixkuf's Weapon Emporium.
  1455 | D:4      | Reached XP level 6. HP: 39/49 MP: 2/12
  1570 | D:4      | Found Zuetrar's Weapon Shoppe.
  1811 | D:4      | Found a sparkling altar of Nemelex Xobeh.
  2071 | D:5      | Entered Level 5 of the Dungeon
  2271 | D:5      | Noticed an ice beast
  2596 | D:5      | Killed an ice beast
  2596 | D:5      | Reached skill level 1 in Fighting
  2596 | D:5      | Reached XP level 7. HP: 30/57 MP: 0/13
  2719 | D:5      | Noticed WiZmei's ghost (novice GrFi)
  3084 | D:6      | Reached skill level 1 in Evocations
  3088 | D:6      | Reached skill level 1 in Armour
  3115 | D:6      | Noticed a hippogriff
  3255 | D:6      | Noticed Mimshu's ghost (novice HuBe)
  3462 | D:6      | Reached XP level 8. HP: 49/68 MP: 4/14
  3485 | D:6      | Learned a level 1 spell: Summon Small Mammal
  3513 | D:6      | Found Xiabemed's Food Shop.
  3546 | D:6      | Killed a hippogriff
  3642 | D:6      | Got a faintly humming leather armour
  3665 | D:6      | Identified the +3 leather armour of Pocef {rCorr} (You found it on level 6 of the Dungeon)
  3834 | D:6      | Got a pitted spear
  3838 | D:6      | Identified the +8 spear of Sudden Death {pain, Int+5} (You found it on level 6 of the Dungeon)
  3980 | D:7      | Found a staircase to the Ecumenical Temple.
  3986 | Temple   | Entered the Ecumenical Temple
  4784 | D:3      | Found a sparkling altar of Nemelex Xobeh.
  6120 | D:6      | Reached skill level 5 in Spellcasting
  6243 | D:7      | Found a basalt altar of Yredelemnul.
  6543 | D:7      | Found a runed door.
  6758 | D:6      | Gained mutation: You passively map the area around you. [Deep Dwarf growth]
  6758 | D:6      | Reached XP level 9. HP: 32/79 MP: 5/17
  6890 | D:7      | Got a shimmering spear {vamp}
  6949 | D:8      | Reached skill level 5 in Fighting
  6951 | D:8      | Found a sparkling altar of Nemelex Xobeh.
  7089 | D:8      | Reached skill level 10 in Necromancy
  7163 | D:8      | Reached skill level 1 in Axes
  7323 | D:7      | Reached skill level 2 in Axes
  7773 | D:8      | Noticed a two-headed ogre
  7783 | D:8      | Killed a two-headed ogre
  7870 | D:8      | Reached XP level 10. HP: 67/88 MP: 11/19
  8058 | D:9      | Noticed a cyclops
  8151 | D:9      | Reached skill level 3 in Axes
  8184 | D:9      | Found an opulent altar of Gozag.
  8185 | D:9      | Found a burning altar of Makhleb.
  8192 | D:9      | Became a worshipper of Gozag Ym Sagoz the Greedy
  8250 | D:9      | Reached skill level 4 in Axes
  8278 | D:9      | Reached skill level 1 in Polearms
  8422 | D:9      | Learned a level 3 spell: Conjure Flame
  8425 | D:9      | Learned a level 2 spell: Blink
  8429 | D:9      | Learned a level 3 spell: Mephitic Cloud
  8680 | D:9      | Reached skill level 1 in Conjurations
  8680 | D:9      | Reached skill level 1 in Translocations
  8716 | D:9      | Reached skill level 1 in Fire Magic
  8719 | D:9      | Reached skill level 1 in Summonings
  8883 | D:9      | Reached skill level 1 in Air Magic
  8893 | D:9      | Reached skill level 1 in Poison Magic
  9354 | D:9      | Found a staircase to the Orcish Mines.
  9522 | D:9      | Killed a cyclops
  9522 | D:9      | Reached XP level 11. HP: 67/96 MP: 7/21
  9654 | D:10     | Entered Level 10 of the Dungeon
  9781 | D:10     | Noticed Erolcha
  9835 | D:10     | Killed Erolcha
 10130 | D:10     | Noticed a two-headed ogre
 10139 | D:10     | Killed a two-headed ogre
 10900 | Orc:1    | Entered Level 1 of the Orcish Mines
 10910 | Orc:1    | Noticed an orc sorcerer
 11200 | D:11     | Noticed a two-headed ogre
 11242 | D:11     | Killed a two-headed ogre
 11380 | D:11     | Noticed Harold
 11455 | D:11     | Killed Harold
 12310 | D:11     | Reached skill level 5 in Axes
 12340 | D:11     | Found a staircase to the Lair.
 12655 | Orc:1    | Killed an orc sorcerer
 12660 | Orc:1    | Found a roughly hewn altar of Beogh.
 12681 | Orc:1    | Noticed Nergalle
 12693 | Orc:1    | Noticed a spectral orc warlord
 12693 | Orc:1    | Killed Nergalle
 12693 | Orc:1    | Reached XP level 12. HP: 93/103 MP: 6/25
 13319 | Lair:1   | Entered Level 1 of the Lair of Beasts
 13425 | Lair:1   | Reached skill level 5 in Armour
 13467 | Lair:1   | Found an iron altar of Okawaru.
 13794 | D:9      | Reached skill level 6 in Axes
 13832 | Orc:2    | Entered Level 2 of the Orcish Mines
 13832 | Orc:2    | Found a staircase to the Elven Halls.
 13876 | Orc:2    | Found Inoenemn's Food Emporium.
 13883 | Orc:2    | Found Igeogo's Antique Armour Boutique.
 13909 | Orc:2    | Noticed an orc warlord
 14094 | D:12     | Found Atiyfocy's Armour Shoppe.
 14183 | D:12     | Noticed a centaur warrior
 14201 | D:12     | Killed a centaur warrior
 14512 | D:12     | Learned a level 5 spell: Dispel Undead
 14605 | D:12     | Reached skill level 7 in Axes
 15147 | D:12     | Noticed a two-headed ogre
 15158 | D:12     | Killed a two-headed ogre
 15170 | D:12     | Noticed a centaur warrior
 15264 | D:12     | Killed a centaur warrior
 15501 | Lair:1   | Noticed a seven-headed hydra
 15726 | D:13     | Noticed a centaur warrior
 15738 | D:13     | Killed a centaur warrior
 15738 | D:13     | Reached skill level 5 in Dodging
 15747 | D:13     | Noticed Frances
 16062 | D:13     | Noticed Azrael
 16062 | D:13     | Noticed a catoblepas
 16062 | D:13     | Noticed an ogre mage
 16062 | D:13     | Noticed a two-headed ogre
 16062 | D:13     | Noticed a two-headed ogre
 16570 | Orc:2    | Reached skill level 8 in Axes
 16942 | Orc:2    | Noticed an orc high priest
 16961 | Orc:2    | Killed an orc high priest
 16961 | Orc:2    | Reached XP level 13. HP: 106/110 MP: 17/26
 17211 | Orc:2    | Bought a spiked helmet for 256 gold pieces
 17246 | Orc:2    | Identified the +3 helmet of the Hills {rPois Int+7 Dex-2} (You bought it in a shop on level 2 of the Orcish Mines)
 17273 | Orc:2    | Found Osokh's Magic Scroll Shop.
 17273 | Orc:2    | Found Elydeh's Antique Weapon Shop.
 17273 | Orc:2    | Found Acotac's General Store.
 17332 | Orc:2    | Found Soedimeu's Magic Scroll Boutique.
 17358 | Orc:2    | Bought a scroll of noise for 14 gold pieces
 17360 | Orc:2    | Bought a potion of degeneration for 15 gold pieces
 17940 | Orc:2    | Found Soxicej's Antique Weapon Shoppe.
 17996 | Orc:2    | Found Kysmaleu's Armour Emporium.
 18001 | Orc:2    | Found Minamus's General Store.
 18190 | Orc:2    | Killed an orc warlord
 18851 | Lair:1   | Got an iridescent war axe
 18852 | Lair:1   | Identified the +7 war axe "Qacsan" {flame, *Noise rElec rPois} (You found it on level 1 of the Lair of Beasts)
 19080 | Lair:1   | Reached skill level 9 in Axes
 19147 | D:11     | Bought a scroll labeled MEDAFICAPE for 26 gold pieces
 19147 | D:11     | Bought a scroll labeled PARGHA UMECHOJU for 26 gold pieces
 19524 | Lair:2   | Found a staircase to the Snake Pit.
 19555 | Lair:2   | Reached skill level 10 in Spellcasting
 19749 | Lair:3   | Identified the Reference Book on Damaging Moulding
 20075 | Lair:3   | Learned a level 3 spell: Portal Projectile
 20079 | Lair:3   | Learned a level 3 spell: Inner Flame
 20080 | Lair:3   | Got a bound marble ring
 20082 | Lair:3   | Identified the ring of Hixoduasi {rElec rC+ MR+} (You found it on level 3 of the Lair of Beasts)
 20573 | Lair:2   | Identified the +5 spear of Dividends {vamp, rElec Str+2 Dex-4 Stlth+} (You took it off a kobold on level 7 of the Dungeon)
 20598 | Lair:2   | Gained mutation: You resist negative energy. (rN+) [Deep Dwarf growth]
 20598 | Lair:2   | Reached XP level 14. HP: 92/122 MP: 2/28
 21159 | D:13     | Reached skill level 10 in Axes
 21465 | Lair:3   | Found a staircase to the Shoals.
 21526 | Lair:4   | Noticed Josephine
 21693 | Lair:4   | Noticed Rupert
 22157 | Lair:6   | Entered Level 6 of the Lair of Beasts
 22281 | Lair:6   | Reached skill level 11 in Axes
 22853 | Lair:6   | Reached skill level 12 in Axes
 23744 | Lair:5   | Reached skill level 13 in Axes
 24142 | D:13     | Killed Frances
 24597 | D:13     | Reached skill level 14 in Axes
 24797 | D:13     | Paralysed by a hornet for 3 turns
 25448 | D:13     | Killed Azrael
 25822 | D:14     | Reached skill level 15 in Axes
 25890 | D:14     | Reached XP level 15. HP: 110/132 MP: 20/29
 26314 | D:14     | Noticed Urug
 26328 | D:14     | Noticed Agnes
 26336 | D:14     | Killed Agnes
 26336 | D:14     | Reached skill level 16 in Axes
 26339 | D:14     | Noticed Erica
 26347 | D:14     | Killed Erica
 26352 | D:14     | Killed Urug
 26545 | D:14     | Found a gate to the Vaults.
 27028 | D:15     | Entered Level 15 of the Dungeon
 27375 | D:15     | Reached skill level 17 in Axes
 27914 | D:15     | Found a staircase to the Depths.
 28274 | D:15     | Learned a level 2 spell: Swiftness
 29260 | Lair:5   | Noticed Kirke
 29286 | Lair:6   | Noticed a sphinx
 29291 | Lair:6   | Killed Kirke
 29476 | Snake:1  | Entered Level 1 of the Snake Pit
 29678 | Snake:1  | Noticed Lanoc's ghost (journeyman FeMo)
 29695 | Snake:1  | Killed Lanoc's ghost
 29752 | Snake:1  | Noticed Asterion
 29780 | Snake:1  | Killed Asterion
 29780 | Snake:1  | Reached XP level 16. HP: 68/141 MP: 0/30
 31310 | Snake:2  | Shot with a bolt by a naga sharpshooter

Skill      XL: |  1  2  3  4  5  6  7  8  9 10 11 12 13 14 15 |
---------------+----------------------------------------------+-----
Spellcasting   | 2 3 4 5 6 7 9 10 | 10.6
Necromancy     | 5 6 7 8 9 10 11 12 13 | 13.8
Fighting       | 1 2 4 5 6 7 8 |  8.6
Evocations     | 2 7 |  7.2
Armour         | 1 2 4 6 8 9 |  9.3
Axes           | 2 4 5 8 9 15 17 | 17.8
Polearms       | 1 |  1.5
Conjurations   | 2 3 |  3.1
Translocations | 2 |  2.5
Fire Magic     | 2 |  2.5
Summonings     | 2 |  2.0
Air Magic      | 1 3 |  3.3
Poison Magic   | 2 |  2.0
Dodging        | 5 6 |  6.8
Stealth        | |  2.6

Action                   |  1- 3 |  4- 6 |  7- 9 | 10-12 | 13-15 | 16-18 || total
-------------------------+-------+-------+-------+-------+-------+-------++-------
Melee: Dagger            |     5 |    33 |   135 |       |       |       ||   173
       Spear             |       |       |   179 |   673 |   765 |    29 ||  1646
       War axe           |       |       |       |       |    96 |       ||    96
Throw: Tomahawk          |       |     1 |     1 |       |       |       ||     2
       Throwing net      |       |       |       |       |     2 |       ||     2
 Cast: Pain              |    32 |    33 |       |    12 |    10 |       ||    87
       Vampiric Draining |     6 |    15 |   104 |   256 |   430 |    69 ||   880
       Mephitic Cloud    |       |       |       |    52 |    86 |       ||   138
       Conjure Flame     |       |       |       |    35 |    86 |     8 ||   129
       Blink             |       |       |       |     5 |    17 |       ||    22
       Swiftness         |       |       |       |       |       |     1 ||     1
Invok: Call Merchant     |       |       |       |     2 |     4 |       ||     6
Evoke: Wand              |       |       |     3 |    37 |    56 |    15 ||   111
       Sack of spiders   |       |       |       |       |     2 |       ||     2
  Use: Scroll            |       |       |     6 |    14 |    18 |       ||    38
       Potion            |       |       |     4 |       |     1 |     3 ||     8
 Stab: Sleeping          |     1 |     1 |     9 |     3 |       |       ||    14
       Paralysed         |       |       |     6 |    13 |     4 |       ||    23
       Distracted        |       |       |     1 |     8 |     2 |       ||    11
       Confused          |       |       |       |    17 |    32 |       ||    49
  Eat: Chunk             |     1 |     6 |    20 |     2 |       |       ||    29
       Fruit             |       |       |     1 |    11 |     8 |       ||    20
       Royal jelly       |       |       |       |     7 |     1 |       ||     8
       Meat ration       |       |       |       |     1 |     5 |     1 ||     7
       Bread ration      |       |       |       |       |     2 |       ||     2
Armor: Ring mail         |     3 |    13 |    48 |       |       |       ||    64
       Leather armour    |     1 |       |   104 |   176 |    18 |       ||   299
       Scale mail        |       |       |       |       |   297 |    29 ||   326
Dodge: Dodged            |    18 |    25 |   308 |   344 |   398 |    60 ||  1153
